 Dungeon Crawl Stone Soup version 0.28-a0-1518-gbe868bca14 (webtiles) character file.

Game seed: 14133871812697360094

9 knot the Chopper (level 2, 23/24 HPs)
             Began as a Demonspawn Berserker on Jan 17, 2022.
             Was a Follower of Trog.
             Quit the game on level 1 of the Dungeon.
             The game lasted 00:01:03 (270 turns).

knot the Chopper (Demonspawn Berserker)              Turns: 270, Time: 00:01:04

Health: 23/24      AC:  2    Str: 17    XL:     2   Next: 3%
Magic:  2/2        EV: 12    Int:  8    God:    Trog [*.....]
Gold:   8          SH:  0    Dex: 12    Spells: 1/1 levels left

rFire   . . .      SeeInvis .   a - +0 hand axe
rCold   . . .      Faith    .   (no shield)
rNeg    . . .      Spirit   .   b - +0 animal skin
rPois   .          Reflect  .   (no helmet)
rElec   .          Harm     .   (no cloak)
rCorr   .          Rampage  .   (no gloves)
Will    .....                   (no boots)
Stlth   +.........              (no amulet)
HPRegen 0.08/turn               (no ring)
MPRegen 0.08/turn               (no ring)

@: no status effects
A: ignite blood 1
a: Renounce Religion, Berserk


You were on level 1 of the Dungeon.
You worshipped Trog.
Trog was aware of your devotion.
You visited 1 branch of the dungeon, and saw 1 of its levels.

You collected 8 gold pieces.

Inventory:

Hand Weapons
 a - a +0 hand axe (weapon)
Armour
 b - a +0 animal skin (worn)
Scrolls
 c - a scroll of immolation {unknown}
 d - a scroll of teleportation {unknown}
 e - a scroll of identify {unknown}
 f - a scroll of enchant armour {unknown}


   Skills:
 - Level 3.0 Fighting
 + Level 3.2 Axes
 - Level 1.7 Armour
 - Level 1.7 Dodging


You had one spell level left.
You didn't know any spells.
Your spell library was empty.

Dungeon Overview and Level Annotations

Branches:
Dungeon (1/15)

Altars:

Shops:
D:1 [


Innate Abilities, Weirdness & Mutations

Your demonic aura sometimes causes spilled blood to erupt in flames.


Message History

a +0 club; a goblin corpse Key pressed, stopping explore.
No target in view!
You open the door.
There is an open door here.
You open the door.
There is an open door here.
A ball python comes into view.
A ball python is nearby!
The ball python hisses angrily.
The ball python closely misses you. x2
You hit the ball python.
You kill the ball python!
Trog accepts your kill.
No target in view!
No target in view!
Found a stone staircase leading down.
A bat comes into view.
Found a scroll labelled YBO HOITUS.
You see here 9 gold pieces.
A bat is nearby!
The bat closely misses you. x2
You miss the bat. The bat hits you but does no damage. The bat misses you.
The bat barely misses you.
You miss the bat. Your punch misses the bat. The bat misses you.
The bat hits you but does no damage. The bat misses you.
You closely miss the bat. The bat hits you but does no damage.
The bat hits you.
You closely miss the bat. The bat hits you but does no damage.
The bat closely misses you.
You miss the bat. The bat hits you but does no damage. x2
You hit the bat but do no damage. The bat closely misses you.
The bat barely misses you. The bat closely misses you.
You hit the bat.
You kill the bat!
Trog accepts your kill.
You have reached level 2!
Your demonic ancestry asserts itself...
Your blood heats up.
Are you sure you want to abandon this character and quit the game? (Confirm with "yes".)

# #.....##.#.###
# #.+........# .
##.#.....#### #
. #....#####
...##.#.#
......#$########
................
#
......##.##?...
##### >..... #@#
.. ###.... .....
#.# .....##
###.. #.#
#####..## #. #.#
.#........ ..
..# ..........
### ..........
....##'## . .
#...# ###.⌠.#


There were no monsters in sight!

Vanquished Creatures
  A bat (D:1)
  3 endoplasms (D:1)
  A giant cockroach (D:1)
  A goblin (D:1)
  A ball python (D:1)
7 creatures vanquished.

Notes
Turn   | Place    | Note
-------+----------+-------------------------------------------
     0 | D:1      | knot the Demonspawn Berserker began the quest for the Orb.
     0 | D:1      | Reached XP level 1. HP: 18/18 MP: 1/1
    10 | D:1      | Found Woicumea's Armour Emporium.
   270 | D:1      | Gained mutation: Your demonic aura sometimes causes spilled
                  | blood to erupt in flames. [demonic ancestry]
   270 | D:1      | Reached XP level 2. HP: 23/24 MP: 2/2
   270 | D:1      | Quit the game

Illustrated notes

Levels and vault maps discovered:
D:1:      dpeg_arrival_simpleton_c, layout_basic,
          shapermc_ecumenical_altar_venn, serial_shops, shop,
          serial_bayou_pond_d

Skill      XL: |  1 |
---------------+----+-----
Axes           | 3 |  3.2
Fighting       | |  3.0
Armour         | |  1.7
Dodging        | |  1.7

Action                   || total
-------------------------++-------
Melee: Hand axe          ||    20
Armor: Animal skin       ||     9
Dodge: Dodged            ||    19

Table legend: (Time is in decaauts)
 A = Elapsed time spent in this place.
 B = Non-inter-level travel time spent in this place.
 C = Inter-level travel time spent in this place.
 D = Time resting spent in this place.
 E = Time spent auto-exploring this place.
 F = Levels seen in this place.
 G = Mean time per level.
                   A        B        C        D        E       F      G
               +--------+--------+--------+--------+--------+-----+--------+
         Total |    272 |    272 |      0 |      0 |    206 |   1 |  272.0 |
       Dungeon |    272 |    272 |      0 |      0 |    206 |   1 |  272.0 |
               +--------+--------+--------+--------+--------+-----+--------+

Top non-repeatable levels by time:
     D:1: 272 daAuts
